cohdb
Replays
Latest Replays
All Replays
Popular Replays
Top Player Replays
Match Explorer
How It Works
Community
CoH3 Stats
Reddit
Sign in to upload your games and track your stats! →
Sign in with Steam
Match 41208568
Unlisted
Match 41208568
Overview
Messages
Build Orders
End
Vickers Machine Gun Team
Construct Section Command Post
Infantry Section
ML 3-inch Mortar Team
Infantry Section
Infantry Section
Construct Platoon Command Post
Selects Canadian Shock Battlegroup
Selects Incendiary Munitions
Humber Armored Car
Construct Field Infirmary
Grenade Package
Humber Armored Car
Light Vehicle Training
Humber Armored Car
Humber Armored Car
Selects Pyrotechnics
Humber Armored Car
The Fresh Prince
Rodey
Lucuze
L1mbo
Unbekannt
Vlady the Impaler
Mustache and Melons
A Quick Workaround
0
0
Comments
sign in to comment!
No comments posted yet!